AoeStats
← Schmalu6755

Arena

505523580Analyzed
4v4 RM · 21d ago on Sep 9, 2026· 67m 40s· 8 players
Game mode
Random Map
Map size
Large (8 player)
Population
200
Speed
Normal
Resources
Standard
Victory
Conquest
Starting age
Dark Age
Ending age
Imperial Age
RankedLock teamsTeams togetherTeam positionsShared explorationLock speedFull tech treeHidden civsTurbo modeCheats
Victory
Defeat
🇻🇪 Vikings · Venezuela
963
+12
🇫🇴 Maya · Faroe Islands
906
+15
🇮🇹 Vietnamese · Italy
892
+15
🇹🇷 Turks · Türkiye
830
+17
🇲🇽 Vietnamese · Mexico
929
-17
🇺🇸 Goths · United States
860
-14
🇩🇪 Spanish · Germany
860
-14
🇩🇪 Turks · Germany
854
-14
Schmalu6755
10:56 Feudal Age
15:25 Castle Age
17:26 Loom
18:17 Wheelbarrow
18:40 Husbandry
18:51 Bloodlines
18:47 Padded Archer Armor
19:30 Double-Bit Axe
20:50 Horse Collar
22:45 Scale Barding Armor
24:26 Forging
26:57 Leather Archer Armor
28:48 Gold Mining
28:49 Stone Mining
33:27 Imperial Age
32:13 Bow Saw
34:58 Murder Holes
35:59 Hand Cart
35:30 Town Watch
35:10 Elite Conquistador
41:13 Two-Man Saw
39:54 Cavalier
42:34 Ring Archer Armor
43:57 Ballistics
43:05 Paladin
BlatantApollo25
11:38 Feudal Age
13:19 Loom
16:01 Castle Age
14:07 Double-Bit Axe
21:19 Imperial Age
20:08 Bow Saw
19:40 Horse Collar
31:23 Two-Man Saw
30:24 Heavy Plow
31:35 Padded Archer Armor
32:58 Wheelbarrow
34:42 Hand Cart
40:14 Leather Archer Armor
41:38 Ring Archer Armor
44:01 Murder Holes
44:29 Gold Mining
45:45 Thumb Ring
46:27 Conscription
Lost My Scout
0:49 Loom
14:34 Feudal Age
15:43 Stone Mining
15:36 Horse Collar
15:53 Double-Bit Axe
16:13 Gold Mining
22:52 Castle Age
21:42 Forging
21:54 Scale Mail Armor
21:59 Fletching
23:02 Pikeman
23:43 Squires
24:41 Heavy Plow
24:55 Bow Saw
26:31 Wheelbarrow
25:47 Town Watch
28:01 Hand Cart
29:05 Town Patrol
30:40 Caravan
33:18 Imperial Age
32:16 Stone Shaft Mining
32:46 Ballistics
32:22 Murder Holes
32:38 Masonry
32:29 Bodkin Arrow
33:10 Iron Casting
32:51 Chain Mail Armor
33:12 Herbal Medicine
33:18 Devotion
34:07 Anarchy
34:33 Conscription
36:00 Perfusion
37:51 Chemistry
37:22 Architecture
38:23 Halberdier
39:53 Guilds
41:21 Crop Rotation
40:56 Bracer
42:08 Blast Furnace
42:59 Elite Huskarl
62:34 Two-Man Saw
Msk
11:28 Feudal Age
12:21 Double-Bit Axe
12:57 Loom
16:17 Castle Age
14:33 Double-Bit Axe
17:52 Bow Saw
17:30 Horse Collar
17:45 Gold Mining
18:17 Stone Mining
24:04 Elite Skirmisher
25:57 Fletching
26:11 Padded Archer Armor
27:15 Thumb Ring
29:45 Leather Archer Armor
30:26 Ballistics
31:42 Bodkin Arrow
56:57 Imperial Age
55:53 Fortified Wall
56:58 Imperial Skirmisher
57:50 Bracer
58:21 Ring Archer Armor
60:00 Chemistry
Camionveloce__
10:54 Feudal Age
14:35 Castle Age
13:49 Double-Bit Axe
14:44 Loom
19:14 Horse Collar
31:15 Imperial Age
29:22 Wheelbarrow
30:39 Fletching
30:49 Padded Archer Armor
30:56 Scale Barding Armor
33:11 Chemistry
32:33 Ballistics
33:00 Paper Money
32:02 Elite Rattan Archer
34:07 Caravan
34:49 Hand Cart
34:38 Heavy Plow
41:11 Chatras
42:52 Bodkin Arrow
43:13 Leather Archer Armor
43:19 Chain Barding Armor
44:54 Elite Battle Elephant
67:40 Bracer
68:10 Ring Archer Armor
SonniRagz
14:16 Feudal Age
16:06 Double-Bit Axe
16:04 Horse Collar
16:16 Stone Mining
16:17 Gold Mining
21:51 Castle Age
24:39 Wheelbarrow
23:49 Town Watch
23:50 Loom
24:08 Heavy Plow
24:20 Bow Saw
24:50 Stone Shaft Mining
24:45 Scale Mail Armor
24:55 Forging
27:26 Arson
27:50 Eagle Warrior
29:56 Chain Mail Armor
30:17 Iron Casting
30:17 Squires
31:10 Hand Cart
30:56 Town Patrol
31:35 Coinage
35:49 Imperial Age
36:18 Elite Eagle Warrior
37:32 Crop Rotation
37:35 Holcans
37:26 Conscription
37:43 Plate Mail Armor
38:14 Blast Furnace
37:17 Capped Ram
39:55 Siege Ram
55:11 Guilds
55:32 Banking
56:03 Chemistry
55:24 Ballistics
54:49 Heavy Scorpion
the King
0:49 Loom
12:32 Feudal Age
18:17 Castle Age
16:29 Double-Bit Axe
16:25 Horse Collar
17:24 Fletching
22:11 Bodkin Arrow
22:16 Padded Archer Armor
28:48 Imperial Age
25:49 Crossbowman
26:49 Leather Archer Armor
27:00 Ballistics
29:28 Bow Saw
30:44 Arbalester
30:48 Elite Skirmisher
32:35 Chemistry
35:07 Bracer
39:50 Capped Ram
42:12 Siege Ram
50:17 Ring Archer Armor
49:49 Caravan
62:03 Scale Mail Armor
62:14 Forging
63:08 Two-Man Saw
62:10 Heavy Plow
62:10 Onager
62:12 Heavy Scorpion
66:38 Fortified Wall
65:57 Man-at-Arms
66:22 Gambesons
66:38 Squires
65:59 Pikeman
Tonyukuk
12:20 Feudal Age
13:35 Double-Bit Axe
16:38 Castle Age
21:11 Imperial Age
19:36 Padded Archer Armor
20:14 Bow Saw
21:52 Loom
23:00 Gold Mining
26:40 Leather Archer Armor
37:26 Ring Archer Armor
42:02 Wheelbarrow
43:32 Hand Cart
43:32 Bloodlines
43:24 Husbandry
43:21 Stone Mining
44:06 Horse Collar
44:20 Town Watch
45:03 Scale Barding Armor
47:35 Heavy Plow
52:17 Forging
57:29 Caravan
61:33 Conscription
66:12 Chain Barding Armor
Connection lost

Rejoining the realm…

Still unreachable

The connection could not be restored.

Session expired

The server has moved on; the page needs a fresh start.